 Dungeon Crawl Stone Soup version 0.29.1-15-g9cfb28693d (webtiles) character file.

Game seed: 1791437108015405973

49 leafyfresh the Sneak (level 3, -1/26 HPs)
             Began as an Octopode Delver on Mar 5, 2023.
             Slain by a gnoll
             ... wielding a +0 club
              (4 damage)
             ... on level 5 of the Dungeon.
             The game lasted 00:00:38 (266 turns).

leafyfresh the Sneak (Octopode Delver)               Turns: 266, Time: 00:00:39

Health: -1/26      AC:  1    Str: 11    XL:     3   Next: 77%
Magic:  3/3        EV: 13    Int: 14    God:
Gold:   18         SH:  0    Dex: 13    Spells: 2/2 levels left

rFire   . . .      SeeInvis .   a - +0 short sword
rCold   . . .      Faith    .   (no shield)
rNeg    . . .      Spirit   .   (helmet restricted)
rPois   .          Reflect  .   (no amulet)
rElec   .          Harm     .   (no ring)
rCorr   .          Rampage  .   (no ring)
Will    .....                   (no ring)
Stlth   ++++......              (no ring)
HPRegen 0.08/turn               (no ring)
MPRegen 0.08/turn               (no ring)
                                (no ring)
                                (no ring)

@: no status effects
A: almost no armour, amphibious, 8 rings, camouflage 1, gelatinous body 1,
(nimble swimmer 1), tentacles
a: no special abilities


You were on level 5 of the Dungeon.
You visited 1 branch of the dungeon, and saw 1 of its levels.

You collected 18 gold pieces.

Inventory:

Hand Weapons
 a - a +0 short sword (weapon)
Wands
 f - a wand of digging (3)
Scrolls
 b - a scroll of fog
 c - a scroll of magic mapping
 d - a scroll of fear
Potions
 e - a potion of haste
 g - a potion of berserk rage {unknown}


   Skills:
 + Level 3.5 Fighting
 - Level 2.4 Short Blades
 + Level 2.6 Dodging
 + Level 7.1 Stealth


You had 2 spell levels left.
You didn't know any spells.
Your spell library was empty.

Dungeon Overview and Level Annotations

Branches:
Dungeon (5/15)
 Temple: D:4-7

Altars:

Annotations:
D:5 3 runed translucent doors, leafyfresh's ghost, weakling OpDe


Innate Abilities, Weirdness & Mutations

You cannot wear most types of armour.
You are amphibious.
You can wear up to eight rings at the same time.
Your skin changes colour to match your surroundings (Stealth+).
Your rubbery body absorbs attacks. (AC +1, EV +1)
((You are camouflaged when in or above water. (Stealth+)))
You have tentacles for arms and can constrict up to eight enemies at once.


Message History

You hit the adder.
The adder is almost dead.
You constrict the adder.
You kill the adder!
Your Stealth skill increases to level 7!
No target in view!
No target in view!
You hear the slow rusting of a drain nearby.
Key pressed, stopping explore.
No target in view!
You hear the slow rusting of a drain nearby.
HP restored.
Key pressed, stopping explore.
No target in view!
A gnoll comes into view. It is wielding a +0 club.
You hear the rusting of a drain nearby.
A gnoll is nearby!
The gnoll shouts!
You hear a shout! x2
You closely miss the gnoll. You grab the gnoll. You squeeze the gnoll!
The gnoll is almost dead.
You constrict the gnoll.
You kill the gnoll!
A gnoll comes into view.
It is wielding a +0 club. 2 gnolls come into view.
The gnoll barely misses you.
The gnoll moves out of view.
Things that are here:
a +0 club; a gnoll corpse You closely miss the gnoll.
Your grab misses the gnoll. The gnoll hits you with a +0 club.
The gnoll barely misses you.
You hit the gnoll. You grab the gnoll.
The gnoll is moderately wounded.
You constrict the gnoll. The gnoll barely misses you.
The gnoll hits you with a +0 club!
Unknown command.
You release your grip on the gnoll.
The gnoll attacks as you move away! The gnoll hits you with a +0 club.
The gnoll attacks as you move away! The gnoll hits you with a +0 club!
* * * LOW HITPOINT WARNING * * *
The gnoll hits you with a +0 club.
You die...

KK+...#.##..#.......
#W#....>....#.....
K##...#.#...#..###
#.....#.......รท.##
##...#.#.........####<..
#...#................#
##...##..........######
#...>#.....#..#.##
...............#@######
######.........#.gg.).#
#.......########.#
....#.. .# (#### . .# .#
.. .# .. ##g #


You could see 2 gnolls.

Vanquished Creatures
  A hound (D:5)
  An adder (D:5)
  A gnoll (D:5)
3 creatures vanquished.

Notes
Turn   | Place    | Note
-------+----------+-------------------------------------------
     0 | D:5      | leafyfresh the Octopode Delver began the quest for the Orb.
     0 | D:5      | Reached XP level 1. HP: 16/16 MP: 1/1
     0 | D:5      | Found a runed translucent gate.
     0 | D:5      | Noticed leafyfresh's ghost (weakling OpDe)
     1 | D:5      | Found a runed translucent gate.
     1 | D:5      | Noticed a kobold brigand
    13 | D:5      | Noticed a hound
    21 | D:5      | Killed a hound
    22 | D:5      | Reached XP level 2. HP: 9/21 MP: 2/2
    22 | D:5      | Reached XP level 3. HP: 11/26 MP: 3/3
   114 | D:5      | Reached skill level 7 in Stealth
   266 | D:5      | Slain by a gnoll

Illustrated notes

Levels and vault maps discovered:
D:5:      layout_loops_ring, mainiacjoe_overflow_six_doors_small,
          gammafunk_ghost_nasty_kobolds, gup_sewer_entry_bubbles,
          minmay_door_square, amcnicky_altar_lugonu_corruption, uniq_sigmund

Skill      XL: |  1  2  3 |
---------------+----------+-----
Stealth        | 7 |  7.1
Fighting       | |  3.5
Short Blades   | |  2.4
Dodging        | |  2.6

Action                   || total
-------------------------++-------
Melee: Short sword       ||    11
       Constrict         ||     4
       Tentacles         ||     4
       Punch             ||     1
Armor: Skin              ||     1
Dodge: Dodged            ||     9
